 Dungeon Crawl Stone Soup version 0.20.0-10-g0535bb4 (webtiles) character file.

11623 rodrick the Unseen (level 11, -6/77 HPs)
             Began as an Octopode Assassin on June 4, 2017.
             Was a Priest of Ashenzari.
             Mangled by a warg (15 damage)
             ... on level 1 of the Orcish Mines.
             The game lasted 00:49:53 (15263 turns).

rodrick the Unseen (Octopode Assassin)             Turns: 15263, Time: 00:49:54

Health: -6/77      AC:  1    Str: 17    XL:     11   Next: 80%
Magic:  0/22       EV: 15    Int: 16    God:    Ashenzari [***...]
Gold:   456        SH:  9    Dex: 17    Spells: 10/10 levels left

rFire    . . .     SeeInvis +   i - +3 dagger of Kerchyfy {venom, Str+4} (curse)
rCold    . . .     Gourm    .   P - +0 shield of Altruism {rN+} (curse)
rNeg     + . .     Faith    .   (helmet restricted)
rPois    +         Spirit   +   p - amulet of guardian spirit (curse)
rElec    .         Reflect  .   q - ring of poison resistance (curse)
rCorr    .         Harm     .   t - ring of flight
MR       .....                  G - ring of magical power
Stlth    ++++++++..             L - +3 ring of strength
Regen    0.3/turn               Q - +2 ring of intelligence
MPRegen  0.2/turn               (no ring)
                                (no ring)
                                (no ring)

@: no status effects
A: almost no armour, stealthy swim, amphibious, 8 rings, constrict 8, camouflage
1, gelatinous body 1
a: Curse Item, Scrying, Renounce Religion, Evoke Flight


You were on level 1 of the Orcish Mines.
You worshipped Ashenzari.
Ashenzari was most pleased with you.
You were not hungry.

You visited 4 branches of the dungeon, and saw 14 of its levels.
You also visited: Ossuary.

You collected 855 gold pieces.
You spent 399 gold pieces at shops.

Inventory:

Hand Weapons
 a - a +3 dagger
 i - the cursed +3 dagger of Kerchyfy (weapon) {venom, Str+4}
   (You found it on level 5 of the Dungeon)

   It poisons the flesh of those it strikes.
   It affects your strength (+4).
   It has a curse placed upon it.
Armour
 P - the cursed +0 shield of Altruism (worn) {rN+}
   (You bought it in a shop on level 10 of the Dungeon)

   It protects you from negative energy.
   It has a curse placed upon it.
Jewellery
 p - a cursed amulet of guardian spirit (around mantle)
 q - a cursed ring of poison resistance (left tentacle)
 t - a ring of flight (right tentacle)
 G - a ring of magical power (on tentacle)
 L - a +3 ring of strength (on tentacle)
 Q - a +2 ring of intelligence (on tentacle)
Wands
 h - a wand of acid (8/15)
 o - a wand of confusion (0/48)
 x - a wand of flame (0/48)
 y - a wand of random effects (36/48)
 F - a wand of lightning (3/15)
 H - a wand of confusion (14/48)
 K - a wand of flame (25/48)
 N - a wand of lightning (6/15)
Scrolls
 j - 3 scrolls of immolation
 k - 2 scrolls of enchant weapon
 l - a scroll of amnesia
 m - 4 scrolls of blinking
 v - 2 scrolls of teleportation
 A - a scroll of fear
 M - 3 scrolls of enchant armour
 O - 2 scrolls of remove curse
 T - a scroll of fog
Potions
 e - a potion of magic
 n - 3 potions of flight
 r - 3 potions of curing
 u - a potion of haste
 w - a potion of cancellation
 z - 3 potions of agility
 B - 3 potions of mutation
 D - 3 potions of might
 J - a potion of brilliance
Comestibles
 f - 6 bread rations
 g - 4 royal jellies
 s - 17 fruits
 C - 4 chunks of flesh


   Skills:
 + Level 7.9 Fighting
 - Level 7.1(10.5) Short Blades
   Level 4.8(6.7) Long Blades
 + Level 2.5 Throwing
 + Level 6.9 Dodging
 + Level 16.7 Stealth
 * Level 2.0(3.4) Shields
 + Level 2.8 Evocations


You had 10 spell levels left.
You didn't know any spells.

Dungeon Overview and Level Annotations

Branches:
Dungeon (10/15)            Temple (1/1) D:5            Lair (1/6) D:8
    Orc (2/2) D:10
    Elf: Orc:2

Altars:
Ashenzari
Cheibriados
Dithmenos
Elyvilon
Fedhas
Gozag
Hepliaklqana
Kikubaaqudgha
Makhleb
Nemelex Xobeh
Okawaru
Qazlal
Ru
Sif Muna
Trog
Uskayaw
Vehumet
Xom
Yredelemnul
Zin
The Shining One

Shops:
D:4 [   D:6 !   D:10 ([   Orc:1 }

Annotations:
D:7 1 exclusion


Innate Abilities, Weirdness & Mutations

You cannot wear most types of armour.
You are very stealthy in the water. (Stealth+)
You are amphibious.
You can wear up to eight rings at the same time.
You can use your tentacles to constrict eight enemies at once.
Your skin changes colour to match your surroundings (Stealth+).
Your rubbery body absorbs attacks. (AC +1, EV +1)


Message History

There is a stone staircase leading down here.
You barely miss the ogre. You squeeze the ogre.
The ogre is moderately wounded.
The warg bites you.
You hit the ogre.
The ogre is poisoned.
The ogre is moderately wounded.
The ogre hits you with a giant club!!
* * * LOW HITPOINT WARNING * * *
You block the warg's attack. The warg bites you!
* * * LOW HITPOINT WARNING * * *
You feel much better. The warg barely misses you.
You barely miss the warg.
The warg is severely wounded.
You block the ogre's attack. The warg bites you!
* * * LOW HITPOINT WARNING * * *
Your shield prevents you from hitting the ogre.
The ogre is heavily wounded.
The warg bites you!
You die...

#..................##
###.##.#...#.......##
#####.#.#####.....#....#
..##.....####...>.....##
...#.........#........#
......#.#............##
.....#...#.........##.##
.......∩...............#
.....#...#......@.....##
.#....#.#......h##....#
##.............O......#
#....##...............##
#...........>..#.......#
.#...#..............#.##
.....##..##[.........#.##
......#.#...............#
...#...................##


You could see a warg and an ogre.

Vanquished Creatures
  Erolcha (D:9)
  Erica (D:8)
  A two-headed ogre (D:9)
  Pikel (D:6)
  An ugly thing (D:8)
  An elephant (Lair:1)
  3 spiny frogs (Lair:1)
  A rime drake (Lair:1)
  A troll (Orc:1)
  A hornet (D:10)
  2 hippogriffs
  A meliai zombie (D:9)
  A spriggan (D:10)
  A wyvern (D:8)
  4 hungry ghosts
  Menkaure (D:4)
  A warg (Orc:2)
  2 water moccasins (Lair:1)
  A porcupine (Lair:1)
  2 ice beasts
  2 slaves (D:5)
  6 orc warriors
  4 sky beasts
  A black bear (D:8)
  2 necrophages
  4 phantoms
  2 ogres
  3 centaurs
  2 crocodiles (Lair:1)
  2 big kobolds
  A bullfrog (D:6)
  2 water moccasin zombies (Ossuary)
  2 wyvern zombies
  2 scorpions
  5 wights (D:10)
  5 howler monkeys
  7 crimson imps (D:7)
  A bullfrog zombie (D:10)
  A centaur zombie (D:10)
  6 hounds
  3 jellies
  8 orc priests
  2 bullfrog skeletons
  9 orc wizards
  4 iguanas
  Ijyb (D:3)
  Terence (D:3)
  6 worker ants
  4 big kobold zombies (Ossuary)
  A hound skeleton (D:7)
  3 mummies
  3 gnolls (D:4)
  11 adders
  A shadow imp (D:7)
  2 white imps (D:7)
  An adder skeleton (D:9)
  2 adder zombies (Ossuary)
  2 dart slugs
  6 leopard geckos
  35 orcs
  3 ball pythons
  4 giant cockroaches
  A gnoll zombie (Ossuary)
  6 goblins
  6 hobgoblins
  10 jackals
  5 quokkas
  5 bats
  4 frilled lizards
  4 hobgoblin zombies (Ossuary)
  18 kobolds
  8 kobold zombies (Ossuary)
  2 orc zombies (Ossuary)
  3 quokka skeletons
  A quokka zombie (D:5)
  6 rats
279 creatures vanquished.

Vanquished Creatures (others)
  2 slaves (D:6)
  2 fungi (Lair:1)
  A plant (Lair:1)
5 creatures vanquished.

Grand Total: 284 creatures vanquished

Notes
Turn   | Place    | Note
-------+----------+-------------------------------------------
     0 | D:1      | rodrick the Octopode Assassin began the quest for the Orb.
     0 | D:1      | Reached XP level 1. HP: 14/14 MP: 1/1
   271 | D:1      | Reached XP level 2. HP: 19/19 MP: 2/2
   741 | D:2      | Reached skill level 6 in Stealth
   805 | D:2      | Reached XP level 3. HP: 20/24 MP: 3/3
   894 | D:2      | Found a deep blue altar of Sif Muna.
  1187 | D:2      | Reached XP level 4. HP: 30/30 MP: 4/4
  1414 | D:3      | Noticed Terence
  1431 | D:3      | Killed Terence
  1431 | D:3      | Reached skill level 7 in Stealth
  1853 | D:3      | Found an ancient bone altar of Kikubaaqudgha.
  1946 | D:3      | Reached XP level 5. HP: 30/35 MP: 5/5
  2349 | D:3      | Noticed Ijyb
  2381 | D:3      | Killed Ijyb
  2803 | D:4      | Found Otweuk's Armour Shop.
  2826 | D:4      | Reached skill level 1 in Long Blades
  2852 | D:4      | Reached XP level 6. HP: 31/41 MP: 6/6
  2857 | D:4      | Reached skill level 8 in Stealth
  2937 | D:4      | Found a sparkling altar of Nemelex Xobeh.
  3121 | D:4      | Found a burning altar of Makhleb.
  3121 | D:4      | Found a shattered altar of Ashenzari.
  3421 | D:4      | Noticed Menkaure
  3429 | D:4      | Killed Menkaure
  3429 | D:4      | Reached XP level 7. HP: 20/46 MP: 3/7
  3984 | D:5      | Entered Level 5 of the Dungeon
  4056 | D:5      | Reached skill level 9 in Stealth
  4108 | D:5      | Found a staircase to the Ecumenical Temple.
  4161 | D:5      | Got a bone dagger
  4355 | D:5      | Identified the cursed +3 dagger of Kerchyfy {venom, Str+4} (You found it on level 5 of the Dungeon)
  4504 | Temple   | Entered the Ecumenical Temple
  4967 | D:4      | Became a worshipper of Ashenzari the Shackled
  5118 | D:5      | Reached XP level 8. HP: 40/54 MP: 4/8
  5565 | D:5      | Found a basalt altar of Yredelemnul.
  5575 | D:5      | Found a sacrificial altar of Ru.
  5695 | D:5      | Reached skill level 10 in Stealth
  5795 | D:6      | Noticed Pikel
  5970 | D:6      | Found a sand-covered staircase.
  5992 | Ossuary  | Entered an ossuary
  6692 | D:5      | Reached skill level 11 in Stealth
  6995 | D:6      | Found an opulent altar of Gozag.
  7049 | D:6      | Reached XP level 9. HP: 58/58 MP: 9/9
  7068 | D:6      | Reached * piety under Ashenzari
  7143 | D:6      | Found Qewkass's Distillery.
  7148 | D:6      | Bought a potion of heal wounds for 55 gold pieces
  7148 | D:6      | Bought a potion of might for 44 gold pieces
  7148 | D:6      | Bought a potion of lignification for 33 gold pieces
  7148 | D:6      | Bought a potion of flight for 33 gold pieces
  7148 | D:6      | Bought a potion of brilliance for 44 gold pieces
  7263 | D:6      | Killed Pikel
  7263 | D:6      | Reached skill level 5 in Short Blades
  7696 | D:7      | Found a shadowy altar of Dithmenos.
  7862 | D:7      | Reached skill level 12 in Stealth
  8408 | D:7      | Reached skill level 5 in Fighting
  9320 | D:7      | Reached skill level 1 in Evocations
  9347 | D:7      | Reached XP level 10. HP: 25/65 MP: 8/10
  9511 | D:8      | Reached ** piety under Ashenzari
  9660 | D:8      | Reached skill level 13 in Stealth
  9678 | D:8      | Found a staircase to the Lair.
  9863 | D:8      | Noticed a red ugly thing
  9871 | D:8      | Killed a red ugly thing
  9877 | D:8      | Reached skill level 5 in Dodging
 10216 | D:8      | Noticed Erica
 10220 | D:8      | Killed Erica
 10220 | D:8      | Reached skill level 14 in Stealth
 10591 | D:9      | Noticed Erolcha
 10765 | D:9      | Killed Erolcha
 10950 | D:9      | Noticed a two-headed ogre
 11001 | D:9      | Killed a two-headed ogre
 11001 | D:9      | Reached skill level 15 in Stealth
 11001 | D:9      | Reached XP level 11. HP: 34/73 MP: 11/12
 12206 | Lair:1   | Entered Level 1 of the Lair of Beasts
 12815 | Lair:1   | Reached skill level 16 in Stealth
 13068 | D:10     | Entered Level 10 of the Dungeon
 13132 | D:10     | Reached *** piety under Ashenzari
 13274 | D:10     | Found Kyttut's Weapon Shoppe.
 13276 | D:10     | Found a staircase to the Orcish Mines.
 13278 | D:10     | Found Yluuvitall's Armour Shoppe.
 13834 | D:10     | Bought the cursed +0 shield of Altruism {rN+} for 190 gold pieces
 14096 | D:10     | Reached skill level 1 in Shields
 14712 | D:10     | Noticed a cyclops
 14712 | D:10     | Noticed an ogre mage
 14713 | D:10     | Identified the cursed +1 short sword of Deformation {drain, rN+ MR+ Str+4 Int+4}
 14713 | D:10     | Noticed a two-headed ogre
 14713 | D:10     | Noticed a catoblepas
 14968 | Orc:1    | Entered Level 1 of the Orcish Mines
 15022 | Orc:1    | Found Besereh's Quality Used Wands.
 15216 | Orc:2    | Entered Level 2 of the Orcish Mines
 15229 | Orc:2    | Noticed an orc sorcerer
 15259 | Orc:1    | HP: 1/77 [warg (8)]
 15263 | Orc:1    | Mangled by a warg

Skill      XL: |  1  2  3  4  5  6  7  8  9 10 11 |
---------------+----------------------------------+-----
Stealth        | 6 7 8 9 11 12 15 16 | 16.7
Short Blades   | 3 4 6 7 |  7.1
Long Blades    | 1 2 4 |  4.8
Dodging        | 2 3 4 6 |  6.9
Fighting       | 3 4 5 6 7 |  7.9
Evocations     | 1 2 |  2.8
Shields        | 2 |  2.0
Throwing       | |  2.5

Action                   |  1- 3 |  4- 6 |  7- 9 | 10-12 || total
-------------------------+-------+-------+-------+-------++-------
Melee: Dagger            |    36 |     7 |   270 |   423 ||   736
       Constrict         |    10 |    18 |    58 |    53 ||   139
       Short sword       |    27 |     2 |       |       ||    29
       Tentacles         |     5 |    15 |    69 |   123 ||   212
       Falchion          |       |    68 |    27 |       ||    95
 Fire: Blowgun           |       |     2 |     4 |       ||     6
Invok: Curse Item        |       |       |     2 |       ||     2
Evoke: Wand              |       |     2 |    14 |     5 ||    21
  Use: Scroll            |     2 |    10 |     4 |     7 ||    23
       Potion            |       |       |       |    10 ||    10
 Stab: Sleeping          |    17 |     7 |    27 |    24 ||    75
       Distracted        |     1 |     1 |     1 |     2 ||     5
       Confused          |       |       |     1 |     1 ||     2
       Invisible         |       |       |       |     1 ||     1
  Eat: Chunk             |     1 |     7 |     7 |    21 ||    36
       Bread ration      |       |       |     2 |     1 ||     3
       Meat ration       |       |       |     1 |       ||     1
Armor: Skin              |     5 |     3 |    16 |     6 ||    30
Dodge: Dodged            |    35 |    44 |   146 |   148 ||   373
Block: Shield            |       |       |       |    22 ||    22
       Rpst.: Falchion   |       |     9 |     4 |       ||    13
